IL
RENO ACES @ SYRACUSE CHIEFS
04/03/2048
 
TOP OF THE 1ST
Reno Aces batting - Pitching for Syracuse Chiefs : RHP Cory Jones
Pitching: RHP Cory Jones
Batting: SHB Carlos Rodriguez 0-0: Foul Ball, location: 2F
0-1: Foul Ball, location: 2F
0-2: Ball
1-2: Strikes out swinging
Batting: LHB Kyle Beaulieu 0-0: Called Strike
0-1: Called Strike
0-2: Ball
1-2: Ball
2-2: Foul Ball, location: 2F
2-2: Fly out, F8 (Flyball, 8RD, EV 92.5 MPH)
Batting: RHB Justin McQuarter 0-0: Called Strike
0-1: DOUBLE (Flyball, 9LM, EV 108.8 MPH)
Batting: LHB Jeff Densmore 0-0: Called Strike
0-1: SINGLE (Groundball, 6D, EV 96.2 MPH)
Justin McQuarter to third
Runner from 3rd tries for Home, SAFE, throw by CF to home
Batting: RHB Marlon Reda 0-0: Called Strike
0-1: Ball
Jeff Densmore is caught stealing 2nd base 2-4
Top of the 1st over - 1 run, 2 hits, 0 errors, 0 left on base; Reno 1 - Syracuse 0
BOTTOM OF THE 1ST
Syracuse Chiefs batting - Pitching for Reno Aces : RHP Yeong-kil Suck
Pitching: RHP Yeong-kil Suck
Batting: RHB Rafael Medina 0-0: Called Strike
0-1: Ball
1-1: Ball
2-1: Called Strike
2-2: Foul Ball, location: 2F
2-2: Foul Ball, location: 2F
2-2: Ball
3-2: Strikes out swinging
Batting: LHB Pat Aviles 0-0: Ball
1-0: Ball
2-0: Ball
3-0: Called Strike
3-1: Base on Balls
Batting: RHB Antonio Laurel 0-0: Called Strike
0-1: Foul Ball, location: 2F
0-2: Foul Ball, location: 2F
0-2: Ball
1-2: SINGLE (Groundball, 6MD, EV 103.8 MPH)
Pat Aviles to second
Runner from 2nd tries for 3rd, OUT! 8-5
Batting: LHB Alexis Cantu 0-0: Ball
1-0: Called Strike
1-1: Called Strike
1-2: Fly out, F7 (Flyball, 7, EV 84.4 MPH)
Bottom of the 1st over - 0 runs, 1 hit, 0 errors, 1 left on base; Reno 1 - Syracuse 0
TOP OF THE 2ND
Reno Aces batting - Pitching for Syracuse Chiefs : RHP Cory Jones
Batting: RHB Marlon Reda 0-0: Called Strike
0-1: DOUBLE (Groundball, 5L, EV 95.6 MPH)
Batting: LHB Kevin Ferguson 0-0: Ball
1-0: Called Strike
1-1: Called Strike
1-2: Ball
2-2: Ground out 6-3 (Groundball, 6, EV 90.0 MPH)
Batting: RHB Cesar Chavez 0-0: Fly out, F9 (Flyball, 9LD, EV 89.4 MPH)
Batting: RHB Edgar Garcia 0-0: Foul Ball, location: 2F
0-1: Hit by Pitch
Batting: RHB Danny Gerardo 0-0: Called Strike
0-1: Swinging Strike
0-2: Ball
1-2: Strikes out swinging
Top of the 2nd over - 0 runs, 1 hit, 0 errors, 2 left on base; Reno 1 - Syracuse 0
BOTTOM OF THE 2ND
Syracuse Chiefs batting - Pitching for Reno Aces : RHP Yeong-kil Suck
Batting: RHB Kevin Whitenack 0-0: Called Strike
0-1: Fly out, F9 (Flyball, 9LS, EV 96.9 MPH)
Batting: LHB Kyung-jin Cho 0-0: Ball
1-0: DOUBLE (Flyball, 89XD, EV 100.6 MPH)
Batting: RHB Steve Perez 0-0: Called Strike
0-1: Swinging Strike
0-2: Foul Ball, location: 2F
0-2: Ball
1-2: Foul Ball, location: 2F
1-2: Ball
2-2: Foul Ball, location: 2F
2-2: Fly out, F7 (Flyball, 7D, EV 101.2 MPH)
Batting: LHB Evan Oliveri 0-0: Called Strike
0-1: Swinging Strike
0-2: Strikes out swinging
Bottom of the 2nd over - 0 runs, 1 hit, 0 errors, 1 left on base; Reno 1 - Syracuse 0
TOP OF THE 3RD
Reno Aces batting - Pitching for Syracuse Chiefs : RHP Cory Jones
Batting: SHB Carlos Rodriguez 0-0: Ball
1-0: Swinging Strike
1-1: Ball
2-1: Ball
3-1: Base on Balls
Batting: LHB Kyle Beaulieu 0-0: Ball
1-0: SINGLE (Groundball, 3D, EV 103.8 MPH)
Carlos Rodriguez to second
Runner from 2nd tries for 3rd, SAFE, throw by RF made to third
Batting: RHB Justin McQuarter 0-0: Ball
Kyle Beaulieu steals 2nd base
1-0: Swinging Strike
1-1: SINGLE (Groundball, 34D, EV 94.4 MPH)
Carlos Rodriguez scores
Kyle Beaulieu to third
Runner from 3rd tries for Home, SAFE, throw by RF to home
Batting: LHB Jeff Densmore 0-0: Foul Ball, location: 2F
0-1: SINGLE (Groundball, 4, EV 104.4 MPH)
Justin McQuarter to second
Runner from 2nd tries for 3rd, SAFE, throw by CF made at trailing runner, OUT! 8-6
Batting: RHB Marlon Reda 0-0: Fly out, F8 (Flyball, 8LM, EV 88.1 MPH)
Batting: LHB Kevin Ferguson 0-0: Called Strike
0-1: Swinging Strike
0-2: Ball
1-2: Fly out, F8 (Flyball, 78D, EV 97.5 MPH)
Top of the 3rd over - 2 runs, 3 hits, 0 errors, 1 left on base; Reno 3 - Syracuse 0
BOTTOM OF THE 3RD
Syracuse Chiefs batting - Pitching for Reno Aces : RHP Yeong-kil Suck
Batting: RHB Gabe Almazan 0-0: Ball
1-0: Ball
2-0: Ground out 5-3 (Groundball, 56, EV 105.0 MPH)
Batting: RHB Rafael Medina 0-0: Foul Ball, location: 2F
0-1: Foul Ball, location: 2F
0-2: Ground out 6-3 (Groundball, 6, EV 87.5 MPH)
Batting: LHB Pat Aviles 0-0: Foul Ball, location: 2F
0-1: Foul Ball, location: 2F
0-2: Ball
1-2: Foul Ball, location: 2F
1-2: Foul Ball, location: 2F
1-2: Ball
2-2: Foul Ball, location: 2F
2-2: Ground out 6-3 (Groundball, 4D, EV 109.4 MPH)
Bottom of the 3rd over - 0 runs, 0 hits, 0 errors, 0 left on base; Reno 3 - Syracuse 0
TOP OF THE 4TH
Reno Aces batting - Pitching for Syracuse Chiefs : RHP Cory Jones
Batting: RHB Cesar Chavez 0-0: Ball
1-0: Foul Ball, location: 2F
1-1: Fly out, F8 (Flyball, 8RS, EV 72.5 MPH)
Batting: RHB Edgar Garcia 0-0: Foul Ball, location: 2F
0-1: Ground out 4-3 (Groundball, 4, EV 85.0 MPH)
Batting: RHB Danny Gerardo 0-0: Ball
1-0: Swinging Strike
1-1: Swinging Strike
1-2: Ball
2-2: Strikes out swinging
Top of the 4th over - 0 runs, 0 hits, 0 errors, 0 left on base; Reno 3 - Syracuse 0
BOTTOM OF THE 4TH
Syracuse Chiefs batting - Pitching for Reno Aces : RHP Yeong-kil Suck
Batting: RHB Antonio Laurel 0-0: Called Strike
0-1: Swinging Strike
0-2: Ball
1-2: Strikes out looking
Batting: LHB Alexis Cantu 0-0: Called Strike
0-1: Ball
1-1: Swinging Strike
1-2: Ball
2-2: Ball
3-2: Foul Ball, location: 2F
3-2: Base on Balls
Batting: RHB Kevin Whitenack 0-0: Ball
1-0: Grounds into double play, 4-6-3 (Groundball, 4MS, EV 85.0 MPH)
Bottom of the 4th over - 0 runs, 0 hits, 0 errors, 0 left on base; Reno 3 - Syracuse 0
TOP OF THE 5TH
Reno Aces batting - Pitching for Syracuse Chiefs : RHP Cory Jones
Batting: SHB Carlos Rodriguez 0-0: Ball
1-0: DOUBLE (Line Drive, 9LM, EV 106.9 MPH)
Batting: LHB Kyle Beaulieu 0-0: Ball
1-0: Ball
2-0: Ball
3-0: Base on Balls
Batting: RHB Justin McQuarter 0-0: Called Strike
0-1: Reached on error, E5 (Groundball, 5S, EV 76.9 MPH)
Carlos Rodriguez to third
Kyle Beaulieu to second
Batting: LHB Jeff Densmore 0-0: Ball
1-0: Ball
2-0: Foul Ball, location: 2F
2-1: Ball
3-1: Swinging Strike
3-2: Base on Balls
Carlos Rodriguez scores
Kyle Beaulieu to third
Justin McQuarter to second
Batting: RHB Marlon Reda 0-0: Called Strike
0-1: Ball
1-1: Swinging Strike
1-2: Ball
2-2: SINGLE (Groundball, 6, EV 86.9 MPH) (infield hit)
Kyle Beaulieu scores
Justin McQuarter to third
Jeff Densmore to second
Pitching: RHP Ruben Nevarel
Batting: LHB Kevin Ferguson 0-0: Foul Ball, location: 2F
0-1: Swinging Strike
0-2: Ball
1-2: Foul Ball, location: 2F
1-2: Strikes out swinging
Batting: RHB Cesar Chavez 0-0: Swinging Strike
0-1: SINGLE (Groundball, P, EV 80.6 MPH) (infield hit)
Justin McQuarter scores
Jeff Densmore to third
Marlon Reda to second
Batting: RHB Edgar Garcia 0-0: SINGLE (Groundball, 34S, EV 63.8 MPH) (infield hit)
Jeff Densmore scores
Marlon Reda to third
Cesar Chavez to second
Batting: RHB Danny Gerardo 0-0: Ball
1-0: Ball
2-0: Grounds into double play, 4-6-3 (Groundball, 4, EV 100.6 MPH)
Top of the 5th over - 4 runs, 4 hits, 1 error, 2 left on base; Reno 7 - Syracuse 0
BOTTOM OF THE 5TH
Syracuse Chiefs batting - Pitching for Reno Aces : RHP Yeong-kil Suck
Batting: LHB Kyung-jin Cho 0-0: Ball
1-0: Foul Ball, location: 2F
1-1: Swinging Strike
1-2: Ball
2-2: Ground out 6-3 (Groundball, 6M, EV 91.2 MPH)
Batting: RHB Steve Perez 0-0: Foul Ball, location: 2F
0-1: Ball
1-1: Called Strike
1-2: Ball
2-2: Fly out, F9 (Flyball, 9, EV 87.5 MPH)
Batting: LHB Evan Oliveri 0-0: Ball
1-0: Called Strike
1-1: SINGLE (Groundball, 5L, EV 99.4 MPH)
Batting: RHB Gabe Almazan 0-0: Called Strike
0-1: Fly out, F6 (Popup, 6MD, EV 51.2 MPH)
Bottom of the 5th over - 0 runs, 1 hit, 0 errors, 1 left on base; Reno 7 - Syracuse 0
TOP OF THE 6TH
Reno Aces batting - Pitching for Syracuse Chiefs : RHP Ruben Nevarel
Batting: SHB Carlos Rodriguez 0-0: Called Strike
0-1: Swinging Strike
0-2: Fly out, F2 (Popup, 25F, EV 83.8 MPH)
Batting: LHB Kyle Beaulieu 0-0: SINGLE (Groundball, 4MD, EV 102.5 MPH)
Batting: RHB Justin McQuarter 0-0: Ball
1-0: Grounds into double play, 6-4-3 (Groundball, 6, EV 88.1 MPH)
Top of the 6th over - 0 runs, 1 hit, 0 errors, 0 left on base; Reno 7 - Syracuse 0
BOTTOM OF THE 6TH
Syracuse Chiefs batting - Pitching for Reno Aces : RHP Yeong-kil Suck
Batting: RHB Rafael Medina 0-0: Swinging Strike
0-1: SOLO HOME RUN (Flyball, 78XD, EV 100.6 MPH), Distance : 393 ft
Batting: LHB Pat Aviles 0-0: Ball
1-0: SINGLE (Line Drive, 9S, EV 105.6 MPH)
Pitching: RHP Marcos Tejeda
Batting: RHB Antonio Laurel 0-0: Called Strike
0-1: Ball
Pat Aviles steals 2nd base (no throw)
1-1: Ground out U3 (Groundball, 34S, EV 80.0 MPH)
Pat Aviles to third
Batting: LHB Alexis Cantu 0-0: Ground out 5-3 (Groundball, 5, EV 91.9 MPH)
Batting: RHB Kevin Whitenack 0-0: Ball
1-0: Foul Ball, location: 2F
1-1: Foul Ball, location: 2F
1-2: Ball
2-2: SINGLE (Groundball, 6MD, EV 107.5 MPH)
Pat Aviles scores
Batting: LHB Kyung-jin Cho 0-0: Called Strike
0-1: Ground out 2-3 (Groundball, 2L, EV 63.8 MPH)
Bottom of the 6th over - 2 runs, 3 hits, 0 errors, 1 left on base; Reno 7 - Syracuse 2
TOP OF THE 7TH
Reno Aces batting - Pitching for Syracuse Chiefs : RHP Ruben Nevarel
Batting: LHB Jeff Densmore 0-0: Foul Ball, location: 2F
0-1: Ball
1-1: Foul Ball, location: 2F
1-2: Foul Ball, location: 2F
1-2: Strikes out swinging
Batting: RHB Marlon Reda 0-0: Foul Ball, location: 2F
0-1: Fly out, F9 (Flyball, 9, EV 91.9 MPH)
Batting: LHB Kevin Ferguson 0-0: Foul Ball, location: 2F
0-1: Swinging Strike
0-2: Strikes out looking
Top of the 7th over - 0 runs, 0 hits, 0 errors, 0 left on base; Reno 7 - Syracuse 2
BOTTOM OF THE 7TH
Syracuse Chiefs batting - Pitching for Reno Aces : RHP Marcos Tejeda
Batting: RHB Steve Perez 0-0: Ball
1-0: Called Strike
1-1: Swinging Strike
1-2: Strikes out swinging
Batting: LHB Evan Oliveri 0-0: Called Strike
0-1: Ball
1-1: Ball
2-1: Swinging Strike
2-2: Strikes out swinging
Batting: RHB Gabe Almazan 0-0: Called Strike
0-1: Swinging Strike
0-2: Ball
1-2: Ball
2-2: Ball
3-2: Foul Ball, location: 2F
3-2: SINGLE (Groundball, 6MD, EV 104.4 MPH)
Batting: RHB Rafael Medina 0-0: Swinging Strike
0-1: Ball
1-1: Ball
2-1: Foul Ball, location: 2F
2-2: Ground out 1-3 (Groundball, 13S, EV 70.6 MPH)
Bottom of the 7th over - 0 runs, 1 hit, 0 errors, 1 left on base; Reno 7 - Syracuse 2
TOP OF THE 8TH
Reno Aces batting - Pitching for Syracuse Chiefs : RHP Ruben Nevarel
Batting: RHB Cesar Chavez 0-0: Ball
1-0: Called Strike
1-1: Foul Ball, location: 2F
1-2: Ball
2-2: Ground out 5-3 (Groundball, 5S, EV 88.1 MPH)
Batting: RHB Edgar Garcia 0-0: Ball
1-0: Foul Ball, location: 2F
1-1: Called Strike
1-2: Strikes out looking
Batting: RHB Danny Gerardo 0-0: Ball
1-0: Called Strike
1-1: Ball
2-1: Ball
3-1: Base on Balls
Batting: SHB Carlos Rodriguez 0-0: Swinging Strike
0-1: Foul Ball, location: 2F
0-2: Strikes out swinging
Top of the 8th over - 0 runs, 0 hits, 0 errors, 1 left on base; Reno 7 - Syracuse 2
BOTTOM OF THE 8TH
Syracuse Chiefs batting - Pitching for Reno Aces : RHP Marcos Tejeda
Batting: LHB Pat Aviles 0-0: Fly out, F7 (Flyball, 7LSF, EV 89.4 MPH)
Batting: RHB Antonio Laurel 0-0: Ball
1-0: Ball
2-0: Called Strike
2-1: Fly out, F7 (Flyball, 7S, EV 85.0 MPH)
Batting: LHB Alexis Cantu 0-0: Swinging Strike
0-1: Ball
1-1: Ball
2-1: Called Strike
2-2: Strikes out looking
Bottom of the 8th over - 0 runs, 0 hits, 0 errors, 0 left on base; Reno 7 - Syracuse 2
TOP OF THE 9TH
Reno Aces batting - Pitching for Syracuse Chiefs : RHP Ruben Nevarel
Batting: LHB Kyle Beaulieu 0-0: Ball
1-0: Swinging Strike
1-1: Ball
2-1: Called Strike
2-2: Ball
3-2: SINGLE (Line Drive, 5D, EV 108.1 MPH)
Pitching: RHP Jose Barreras
Batting: RHB Justin McQuarter 0-0: Foul Ball, location: 2F
0-1: Swinging Strike
0-2: Grounds into double play, 4-6-3 (Groundball, 4M, EV 77.5 MPH)
Batting: LHB Jeff Densmore 0-0: Ball
1-0: Foul Ball, location: 2F
1-1: Foul Ball, location: 2F
1-2: DOUBLE (Line Drive, 9LM, EV 101.2 MPH)
Batting: RHB Marlon Reda 0-0: Called Strike
0-1: Foul Ball, location: 2F
0-2: Ball
1-2: Fly out, F7 (Flyball, 78XD, EV 101.2 MPH)
Top of the 9th over - 0 runs, 2 hits, 0 errors, 1 left on base; Reno 7 - Syracuse 2
BOTTOM OF THE 9TH
Syracuse Chiefs batting - Pitching for Reno Aces : RHP Marcos Tejeda
Batting: RHB Kevin Whitenack 0-0: Ball
1-0: Called Strike
1-1: Swinging Strike
1-2: Ball
2-2: Ground out 4-3 (Groundball, 4MD, EV 103.1 MPH)
Batting: LHB Kyung-jin Cho 0-0: Swinging Strike
0-1: Called Strike
0-2: Strikes out looking
Batting: RHB Steve Perez 0-0: Foul Ball, location: 2F
0-1: Ball
1-1: Ball
2-1: Swinging Strike
2-2: Strikes out swinging
Bottom of the 9th over - 0 runs, 0 hits, 0 errors, 0 left on base; Reno 7 - Syracuse 2
Tuesday, March 28th , 2023 - OOTP Baseball 23.10 Build 110